 Dungeon Crawl Stone Soup version 0.29-a0-492-g10b964d8d7 (webtiles) character file.

Game seed: 12960528765915786082

36188 KateP the Severer (level 13, -3/102 (122) HPs)
             Began as a Minotaur Fighter on May 27, 2022.
             Slain by Rupert
             ... wielding a +2 great mace of draining
              (20 damage)
             ... on level 4 of the Lair of Beasts.
             The game lasted 00:30:45 (16896 turns).

KateP the Severer (Minotaur Fighter)               Turns: 16896, Time: 00:30:45

HP:   -3/102 (122)  AC: 31    Str: 40    XL:     13   Next: 51%
MP:   12/12         EV:  6    Int:  5    God:
Gold: 2526          SH: 15    Dex:  7    Spells: 12/12 levels left

rFire   . . .      SeeInvis .   a - +6 war axe of Jew Day {protect, rPois rC+ Dex-3}
rCold   + + .      Faith    .   B - +0 tower shield
rNeg    . . .      Spirit   .   n - +2 plate armour {rC+}
rPois   +          Reflect  .   (helmet restricted)
rElec   .          Harm     .   t - +1 cloak
rCorr   .          Rampage  .   (no gloves)
Will    .....                   x - +2 pair of boots
Stlth   ..........              (no amulet)
HPRegen 0.27/turn               o - +6 ring of strength
MPRegen 0.13/turn               k - +6 ring of strength

@: under a protective aura, studying Air Magic, heavily drained
A: horns 2, retaliatory headbutt, strong 1
a: no special abilities


You were on level 4 of the Lair of Beasts.
You visited 3 branches of the dungeon, and saw 18 of its levels.
You also visited: Sewer and Bailey.

You collected 2675 gold pieces.
You spent 149 gold pieces at shops.

Inventory:

Hand Weapons
 a - the +6 war axe of Jew Day (weapon) {protect, rPois rC+ Dex-3}
   (You acquired it on level 5 of the Dungeon)

   It grants its wielder temporary protection when it strikes (+7 to AC).
   Dex:       It affects your dexterity (-3).
   rC:        It protects you from cold.
   rPois:     It protects you from poison.
 f - a +2 executioner's axe of protection
 A - the +8 quarterstaff of Vengoon {elec, Str+7}
   (You found it on level 9 of the Dungeon)

   It occasionally discharges a powerful burst of electricity upon striking a
   foe.
   Str:       It affects your strength (+7).
Missiles
 z - 2 throwing nets (quivered)
Armour
 n - a +2 plate armour of cold resistance (worn)
 t - a +1 cloak (worn)
 x - a +2 pair of boots (worn)
 B - a +0 tower shield (worn)
Jewellery
 k - a +6 ring of strength (right hand)
 l - a ring of protection from fire
 o - a +6 ring of strength (left hand)
 q - a ring of see invisible
 s - a ring of willpower
 v - a ring of protection from cold
 y - a +6 ring of dexterity
 F - a ring of protection from fire
Scrolls
 b - 11 scrolls of identify
 c - a scroll of silence
 i - 8 scrolls of teleportation
 m - 4 scrolls of fear
Potions
 d - 2 potions of haste
 e - a potion of resistance
 g - a potion of ambrosia
 h - a potion of brilliance
 j - a potion of flight
 p - a potion of invisibility
 r - 7 potions of curing
 w - a potion of heal wounds


   Skills:
 + Level 13.5 Fighting
 * Level 18.1 Axes
 + Level 13.5 Armour
 + Level 12.0 Shields


You had 12 spell levels left.
You didn't know any spells.
Your spell library contained the following spells:

 Spells                   Type           Power      Damage    Failure   Level
 Freeze                   Ice            0%         1d3       100%        1
 Magic Dart               Conj           0%         1d3       100%        1
 Necrotize                Necr           0%         1d4       100%        1
 Sting                    Tmut/Pois      0%         1d3       100%        1
 Call Imp                 Summ           0%         N/A       100%        2
 Ensorcelled Hibernation  Hex/Ice        0%         N/A       100%        2
 Poisonous Vapours        Pois/Air       0%         N/A       100%        2
 Frozen Ramparts          Ice            0%         1d2       100%        3
 Mephitic Cloud           Conj/Pois/Air  0%         N/A       100%        3
 Spider Form              Tmut/Pois      0%         N/A       100%        3
 Vampiric Draining        Necr           0%         2d6       100%        3
 Anguish                  Hex/Necr       0%         N/A       100%        4
 Hailstorm                Conj/Ice       0%         3d3       100%        4
 Olgreb's Toxic Radiance  Pois           0%         N/A       100%        4
 Summon Lightning Spire   Summ/Air       0%         N/A       100%        4
 Agony                    Necr           0%         N/A       100%        5
 Blade Hands              Tmut           0%         N/A       100%        5
 Irradiate                Conj/Tmut      0%         3d13      100%        5
 Dragon Form              Tmut           0%         N/A       100%        7
 Storm Form               Tmut/Air       0%         N/A       100%        7
 Maxwell's Capacitive Co  Air            0%         ∞         100%        8


Dungeon Overview and Level Annotations

Branches:
Dungeon (13/15)            Temple (1/1) D:7            Lair (4/6) D:10
  Swamp (0/4) Lair:2          Orc (0/2) D:11          Sewer (visited)
 Bailey (visited)
  Snake: Lair:2-4    Spider: Lair:2-4    Vaults: D:13-14

Altars:
Ashenzari
Cheibriados
Dithmenos
Elyvilon
Fedhas
Gozag
Hepliaklqana
Kikubaaqudgha
Makhleb
Nemelex Xobeh
Okawaru
Qazlal
Ru
Sif Muna
Trog
Uskayaw
Vehumet
Wu Jian
Xom
Yredelemnul
Zin
The Shining One
Beogh

Shops:
D:5 :[(   D:6 *   D:10 [   D:11 *

Portals:
Trove: D:11 (give 9 potions of haste)

Annotations:
Lair:4 Rupert


Innate Abilities, Weirdness & Mutations

You have a pair of horns on your head.
You reflexively headbutt those who attack you in melee.
Your muscles are strong. (Str +2)


Message History

Rupert hits you with a +2 great mace of draining!
You feel drained.
You slice Rupert!!
Rupert is heavily wounded.
You block Rupert's attack.
Rupert hits you with a +2 great mace of draining.
You feel drained.
You slash Rupert!
Rupert is severely wounded.
Rupert hits you with a +2 great mace of draining!
You feel drained.
You hit Rupert. Your headbutt misses Rupert.
Rupert is severely wounded.
Rupert hits you but does no damage.
You feel drained. You block Rupert's attack.
You slash Rupert! You headbutt Rupert.
Rupert is severely wounded.
You block Rupert's attack.
You closely miss Rupert. Your headbutt misses Rupert.
Rupert is severely wounded.
Rupert hits you with a +2 great mace of draining!!
You feel drained. You block Rupert's attack.
You closely miss Rupert.
Rupert is severely wounded.
You block Rupert's attack.
You slash Rupert! You headbutt Rupert!
Rupert is severely wounded.
Rupert hits you with a +2 great mace of draining!!
* * * LOW HITPOINT WARNING * * *
You feel drained.
* * * LOW HITPOINT WARNING * * *
You block Rupert's attack.
You slash Rupert! Your headbutt misses Rupert.
Rupert is almost dead.
You block Rupert's attack.
You barely miss Rupert.
Rupert is almost dead.
You block Rupert's attack.
Rupert hits you with a +2 great mace of draining!!
You die...

##.......## ##
####....##########.P
##.)#....#..#....
##.......P.....
##............
####.#...### ##..=##
##.@.# #@..# #†††.#
##...# #..#.#
....... ........
#....^... ##...##.#


You could see Rupert (berserk).

Vanquished Creatures
  An orc warlord (Bailey)
  Fannar (D:10)
  A boulder beetle (D:11)
  3 hydras
  The ghost of blade888 the Destroyer, a journeyman OpVM of Ashenzari (D:11)
  Erica (D:10)
  A centaur warrior (D:8)
  3 two-headed ogres
  A tengu warrior (D:13)
  Urug (D:10)
  3 ugly things
  A harpy (D:11)
  A deep elf pyromancer (D:12)
  6 cyclopes
  A black mamba (Lair:2)
  4 cane toads
  2 unseen horrors
  A tengu conjurer (D:13)
  2 komodo dragons
  4 trolls
  2 hornets
  A hornet (shapeshifter) (D:13)
  8 dream sheep
  3 wraiths
  4 vampires
  A shadow (D:11)
  18 yaks
  4 wyverns
  4 vampire mosquitoes (D:13)
  Edmund (D:6)
  8 water moccasins
  2 acid dragons
  21 orc warriors
  Pargi (Sewer)
  2 black bears (D:10)
  2 ice beasts
  3 ogres
  4 centaurs
  14 wolves
  A phantom (D:7)
  5 kobold brigands
  7 bullfrogs
  A necrophage (D:5)
  3 scorpions
  4 gnoll sergeants
  8 wights
  2 water moccasin zombies (D:4)
  10 killer bees
  11 howler monkeys
  3 jellies
  3 hounds
  16 orc priests
  Crazy Yiuf (D:3)
  A gnoll shaman (Lair:3)
  An iron imp (D:6)
  5 iguanas
  18 orc wizards
  A hound zombie (D:4)
  21 gnolls
  9 adders
  2 shadow imps
  2 white imps
  An adder zombie (D:4)
  4 dart slugs
  2 worms
  52 orcs
  10 ball pythons
  3 bats
  7 endoplasms
  A giant cockroach (D:2)
  15 goblins
  8 hobgoblins
  3 jackals (D:2)
  5 quokkas
  5 frilled lizards
  31 kobolds
  4 rats
428 creatures vanquished.

Vanquished Creatures (others)
  A quokka (D:8)
  3 fungi
  2 plants
6 creatures vanquished.

Grand Total: 434 creatures vanquished

Notes
Turn   | Place    | Note
-------+----------+-------------------------------------------
     0 | D:1      | KateP the Minotaur Fighter began the quest for the Orb.
     0 | D:1      | Reached XP level 1. HP: 19/19 MP: 0/0
    69 | D:1      | Noticed a floating eye
    72 | D:1      | Found a faded altar of an unknown god.
    73 | D:1      | Noticed an eye of devastation
    73 | D:1      | Noticed a floating eye
    73 | D:1      | Noticed a floating eye
   154 | D:1      | Reached skill level 3 in Axes
   154 | D:1      | Reached XP level 2. HP: 27/27 MP: 1/1
   632 | D:2      | Reached XP level 3. HP: 32/33 MP: 2/2
   794 | D:2      | Reached skill level 4 in Axes
  1221 | D:3      | Found a runed translucent door.
  1222 | D:3      | Noticed Crazy Yiuf
  1227 | D:3      | Killed Crazy Yiuf
  1228 | D:3      | Reached XP level 4. HP: 35/41 MP: 3/3
  1341 | D:3      | Noticed an ogre
  1350 | D:3      | Killed an ogre
  1351 | D:3      | Reached skill level 5 in Axes
  1351 | D:3      | Reached XP level 5. HP: 21/47 MP: 4/4
  1554 | D:3      | Found a glowing drain.
  1568 | Sewer    | Entered a sewer
  1668 | Sewer    | Noticed Pargi
  1678 | Sewer    | Killed Pargi
  1679 | Sewer    | Reached skill level 5 in Fighting
  1679 | Sewer    | Reached skill level 5 in Armour
  1679 | Sewer    | Reached XP level 6. HP: 44/56 MP: 5/5
  2021 | D:3      | Reached skill level 6 in Axes
  2572 | D:4      | Reached XP level 7. HP: 61/62 MP: 6/6
  2572 | D:4      | Found a basalt altar of Yredelemnul.
  2772 | D:4      | Reached skill level 7 in Axes
  2825 | D:4      | Found a radiant altar of Vehumet.
  3120 | D:4      | Found an iron altar of Okawaru.
  3253 | D:5      | Entered Level 5 of the Dungeon
  3292 | D:5      | Found Nets's Antique Armour Shoppe.
  3303 | D:5      | Found Qarryisk's Book Shoppe.
  3439 | D:5      | Found a broken altar of Ashenzari.
  3607 | D:5      | Found Opelupt's Weapon Shop.
  3615 | D:5      | Bought a +0 war axe of electrocution for 149 gold pieces
  3675 | D:5      | Identified a scroll of acquirement
  3675 | D:5      | Acquired the +6 war axe of Jew Day {protect, rPois rC+
                  | Dex-3}
  3892 | D:5      | Reached skill level 8 in Axes
  4198 | D:5      | Reached XP level 8. HP: 68/71 MP: 7/7
  4696 | D:5      | Gained mutation: Your muscles are strong. (Str +2) [potion
                  | of mutation]
  4902 | D:6      | Found a snail-covered altar of Cheibriados.
  4930 | D:6      | Noticed Edmund
  4934 | D:6      | Reached skill level 9 in Axes
  4940 | D:6      | Killed Edmund
  5259 | D:6      | Found Pemoroer's Lightly-Used Armoury.
  5440 | D:7      | Found a flagged portal.
  5451 | D:7      | Reached skill level 10 in Axes
  5457 | D:7      | Reached XP level 9. HP: 68/81 MP: 8/8
  5479 | Bailey   | Entered a bailey
  5515 | Bailey   | Noticed an orc warlord
  5566 | Bailey   | Found a runed translucent gate.
  5567 | Bailey   | Found a runed translucent gate.
  5569 | Bailey   | Found a runed translucent gate.
  5789 | Bailey   | Killed an orc warlord
  5790 | Bailey   | Reached skill level 11 in Axes
  5790 | Bailey   | Reached skill level 5 in Shields
  5822 | Bailey   | Reached skill level 10 in Fighting
  5822 | Bailey   | Reached skill level 13 in Axes
  5822 | Bailey   | Reached skill level 10 in Armour
  5822 | Bailey   | Reached XP level 10. HP: 40/94 MP: 9/9
  6188 | D:7      | You fall into a shaft and drop 1 floor!
  6191 | D:8      | Found a glowing silver altar of Zin.
  6228 | D:8      | Noticed a centaur warrior
  6236 | D:8      | Killed a centaur warrior
  6258 | D:8      | Reached skill level 14 in Axes
  6258 | D:8      | Reached XP level 11. HP: 82/101 MP: 10/10
  6605 | D:7      | Found a bloodstained altar of Trog.
  6605 | D:7      | Found a shimmering altar of Xom.
  6798 | D:7      | Noticed a four-headed hydra
  6856 | D:7      | Found a staircase to the Ecumenical Temple.
  6923 | D:7      | Killed a seven-headed hydra
  7154 | Temple   | Entered the Ecumenical Temple
  7503 | D:8      | Found a white marble altar of Elyvilon.
  7510 | D:8      | Found a sparkling altar of Nemelex Xobeh.
  8209 | D:9      | Found an opulent altar of Gozag.
  8455 | D:9      | Reached skill level 15 in Axes
  8634 | D:9      | Identified the +8 quarterstaff of Vengoon {elec, Str+7}
  8745 | D:10     | Entered Level 10 of the Dungeon
  8745 | D:10     | Found a burning altar of Makhleb.
  8794 | D:10     | Found Untysyw's Antique Armour Shop.
  8806 | D:10     | Noticed Fannar
  8824 | D:10     | Killed Fannar
  9289 | D:10     | Noticed Urug
  9328 | D:10     | Killed Urug
  9459 | D:10     | Found a staircase to the Lair.
  9540 | D:10     | Noticed Erica
  9550 | D:10     | Killed Erica
  9551 | D:10     | Reached XP level 12. HP: 108/111 MP: 11/11
  9564 | D:10     | Found a sacrificial altar of Ru.
  9884 | D:11     | Found a staircase to the Orcish Mines.
  9892 | D:11     | Reached skill level 10 in Shields
  9977 | D:11     | Found a runed translucent gate.
  9977 | D:11     | Noticed a two-headed ogre
  9978 | D:11     | Noticed blade888's ghost (journeyman OpVM)
  9983 | D:11     | Found a runed translucent gate.
  9983 | D:11     | Found an opulent altar of Gozag.
  9995 | D:11     | Found a runed translucent gate.
 10000 | D:11     | Found Zesuses's Assorted Antiques.
 10109 | D:11     | Reached skill level 16 in Axes
 10545 | D:11     | Acquired 1123 gold pieces
 10674 | D:11     | Noticed a boulder beetle
 10682 | D:11     | Killed a boulder beetle
 11110 | D:11     | Found a portal to a secret trove of treasure.
 11514 | D:11     | Killed a two-headed ogre
 11525 | D:11     | Killed blade888's ghost
 11958 | D:12     | Noticed a two-headed ogre
 11965 | D:12     | Killed a two-headed ogre
 12405 | D:12     | Reached skill level 17 in Axes
 13487 | D:12     | Noticed a two-headed ogre
 13495 | D:12     | Killed a two-headed ogre
 13496 | D:12     | Reached XP level 13. HP: 98/119 MP: 12/12
 14152 | Lair:1   | Entered Level 1 of the Lair of Beasts
 15007 | Lair:2   | Found a staircase to the Swamp.
 16217 | Lair:3   | Reached skill level 18 in Axes
 16875 | Lair:4   | Noticed Rupert
 16896 | Lair:4   | Slain by Rupert

Illustrated notes

Levels and vault maps discovered:
D:1:      psy_arrival_basics, layout_rooms,
          hellmonk_ecumenical_altar_watching_god
D:2:      layout_loops_ring
D:3:      layout_basic, cheibrodos_sewer_entry_drain, uniq_crazy_yiuf_cottage
D:4:      layout_basic, nicolae_yredelemnul_corpse_copse,
          mainiacjoe_overflow_tiny_flanked, okawaru_metal_pillars_1_2,
          kennysheep_donut
D:5:      minmay_inner_zag, layout_basic, nicolae_ashenzari_panopticon,
          serial_shops, nicolae_shop_crystal, nicolae_shop_bloodbath_and_beyond,
          nicolae_stop_n_shop_1
D:6:      minmay_flawed_box, layout_basic, slow_altar_2, minmay_shop_damaged,
          uniq_edmund
D:7:      layout_rooms, jmf_multi_god_temple, minmay_temple_entry_offerings,
          enter_bailey_5
D:8:      layout_basic, nemelex_xobeh_ov_fountains_minmay,
          nicolae_overflow_crystal_walls, elyvilon_altar_4, minmay_manual_mess
D:9:      layout_rooms, nicolae_gozag_seed_capital
D:10:     layout_roguey, mainiacjoe_overflow_small_starburst, lemuel_tele_altar,
          david_lair_generic, serial_shops, nicolae_shop_statue_plus,
          palyth_stone_intersect, minivault_23, uniq_fannar, uniq_urug,
          uniq_erica
D:11:     layout_roguey [special_room_orc], orc_0_dummy, enter_trove_6,
          ebering_ghost_gozag
D:12:     layout_roguey [special_room_orc]
D:13:     layout_irregular_city, david_vaults_2, serial_shops,
          nicolae_shop_window_shopping
Temple:   kb_temple_of_zot
Lair:1:   layout_long_grid, serial_bayou_shore_b, infiniplex_staircase_pool_2
Lair:2:   layout_gridlike, swamp_mist, grunt_forest_small_clearings,
          serial_bayou_shore_b, serial_bayou_shore_a, grunt_megastairs_1
Lair:3:   statuecave_lemuel, layout_regular_city, dreamdust_gnoll_shepherd,
          grunt_megastairs_2
Lair:4:   layout_concentric_octagons, nicolae_spider_entry_tight_spaces,
          chequers_serial_rivers_micro_a, uniq_nergalle, uniq_rupert

Skill      XL: |  1  2  3  4  5  6  7  8  9 10 11 12 13 |
---------------+----------------------------------------+-----
Axes           | 3 4 5 6 8 10 13 14 15 17 18 | 18.1
Armour         | 4 5 6 7 10 11 12 13 | 13.5
Fighting       | 4 5 6 7 10 11 12 13 | 13.5
Shields        | 4 7 8 9 11 12 | 12.0

Action                   |  1- 3 |  4- 6 |  7- 9 | 10-12 | 13-15 || total
-------------------------+-------+-------+-------+-------+-------++-------
Melee: War axe           |    65 |    96 |   170 |   552 |   148 ||  1031
       Headbutt          |     9 |    11 |    28 |    86 |    29 ||   163
  Use: Scroll            |       |       |    17 |     9 |     3 ||    29
       Potion            |       |       |    13 |     8 |       ||    21
 Stab: Invisible         |       |       |     4 |       |       ||     4
Armor: Scale mail        |    37 |    56 |    55 |       |       ||   148
       Plate armour      |       |       |       |   297 |   145 ||   442
Dodge: Dodged            |    41 |    50 |    55 |   111 |    58 ||   315
Block: Buckler           |     8 |    26 |    28 |    58 |       ||   120
       Tower shield      |       |       |       |   225 |   152 ||   377

Table legend: (Time is in decaauts)
 A = Elapsed time spent in this place.
 B = Non-inter-level travel time spent in this place.
 C = Inter-level travel time spent in this place.
 D = Time resting spent in this place.
 E = Time spent auto-exploring this place.
 F = Levels seen in this place.
 G = Mean time per level.
                   A        B        C        D        E       F      G
               +--------+--------+--------+--------+--------+-----+--------+
         Total |  16920 |  16828 |     92 |   1843 |  11590 |  20 |  846.0 |
       Dungeon |  13169 |  13078 |     91 |   1450 |   8942 |  13 | 1013.0 |
        Temple |    145 |    145 |      0 |      0 |     83 |   1 |  145.0 |
          Lair |   2754 |   2754 |      0 |     85 |   2286 |   4 |  688.5 |
         Sewer |    216 |    216 |      0 |      0 |     79 |   1 |  216.0 |
        Bailey |    634 |    634 |      0 |    308 |    198 |   1 |  634.0 |
               +--------+--------+--------+--------+--------+-----+--------+

Top non-repeatable levels by time:
    D:12: 2016 daAuts
    D:11: 1766 daAuts
     D:5: 1497 daAuts
    D:10: 1469 daAuts
     D:3: 1095 daAuts
     D:8: 1020 daAuts
  Lair:3: 1009 daAuts
  Lair:2: 883 daAuts
     D:4: 815 daAuts
  Lair:1: 810 daAuts
     D:9: 790 daAuts
     D:7: 677 daAuts
     D:6: 652 daAuts
     D:2: 639 daAuts
  Bailey: 634 daAuts
